Map: Alcyone LE

Players

K.I.-1 (Schwer) - Winner!

  • Race: Protoss Protoss
  • Spawn Location: 1:00

Sam

  • Race: Terran Terran
  • League: Diamond
  • Spawn Location: 7:00

VOD

Have the link to the VOD?

Description

Time

  • Played on: Dec. 10, 2023, 8:59 a.m.
  • Length: 8:26
Show
View Real Time Build Order
Export as new Build Order

K.I.-1 (Schwer) Protoss - Winner!

Build Orders:  

Get SALT Encoding   

  12  0:00  Probe  
  13  0:13  Probe  
  14  0:19  Pylon  
  14  0:25  Probe  
  15  0:34  Probe  
  15  0:42  Probe  
  16  0:47  Assimilator  
  17  0:50  Gateway  
  17  0:52  Probe  
  18  1:00  Probe, Pylon  
  19  1:18  Probe  
  20  1:38  Zealot  
  22  1:40  Cybernetics Core  
  22  1:42  Gateway  
  22  1:44  Assimilator  
  22  1:56  Warp Gate  
  22  1:59  Pylon  
  22  2:17  Adept  
  24  2:29  Zealot  
  26  2:38  Pylon  
  26  2:47  Stalker  
  28  2:56  Adept  
  30  3:13  Probe  
  30  3:17  Adept  
  30  3:18  Pylon  
  33  3:25  Probe  
  33  3:26  Adept  
  36  3:37  Probe  
  37  3:43  Forge  
  37  3:49  Probe  
  37  3:54  Adept  
  40  4:01  Probe  
  41  4:06  Adept  
  43  4:13  Probe  
  43  4:17  Stalker  
  45  4:25  Probe  
  45  4:28  Stalker  
  48  5:46  Protoss Ground Weapons Level 1  
  48  5:56  Stalker  
  50  5:57  Gateway  
  50  6:01  Pylon  
  50  6:02  Photon Cannon  
  50  6:03  Photon Cannon  
  50  6:06  Stalker  
  50  6:08  Nexus, Robotics Facility  
  50  6:10  Stargate  
  52  6:16  Stalker  
  54  6:21  Twilight Council  
  54  6:28  Pylon  
  54  6:29  Stalker  
  50  6:39  Zealot  
  40  6:51  Stalker  
  42  7:01  Stalker  
  44  7:11  Stalker  
  46  7:16  Observer  
  46  7:20  Probe  
  46  7:21  Sentry  
  46  7:22  Probe  
  51  7:31  Adept  
  51  7:32  Probe  
  51  7:34  Probe  
  55  7:37  Observer  
  55  7:41  Stalker  
  55  7:42  Pylon  
  58  7:44  Probe  
  58  7:46  Probe  
  60  7:51  Stalker  
  60  7:52  Pylon  
  60  7:57  Probe  
  63  8:00  Probe  
  63  8:01  Forge  
  64  8:09  Probe  
  64  8:12  Probe  
  66  8:13  Photon Cannon  
  66  8:21  Photon Cannon  
Show
View Real Time Build Order
Export as new Build Order

Sam Terran 

Build Orders: Gas First Reaper Expand 

Get SALT Encoding   

  12  0:00  SCV  
  13  0:12  SCV  
  14  0:17  Supply Depot  
  14  0:24  SCV  
  14  0:27  Refinery  
  15  0:39  SCV  
  16  0:45  Barracks  
  16  0:51  SCV  
  17  1:03  SCV  
  18  1:15  SCV  
  19  1:32  Orbital Command, Reaper  
  20  1:46  Command Center  
  20  1:58  SCV  
  21  2:02  Factory  
  21  2:11  Supply Depot  
  21  2:13  SCV  
  22  2:17  Barracks Reactor  
  22  2:23  Refinery  
  22  2:26  SCV  
  23  2:38  SCV  
  24  2:49  Starport  
  24  2:50  SCV  
  25  2:57  Hellion  
  25  2:58  Hellion  
  29  2:59  Orbital Command  
  29  3:02  SCV  
  29  3:03  Barracks Tech Lab  
  30  3:14  SCV  
  30  3:19  Hellion x2  
  35  3:26  SCV x2  
  37  3:33  Supply Depot  
  37  3:36  Raven  
  37  3:38  SCV x2  
  41  3:48  Factory Tech Lab, Marine x2  
  43  3:50  SCV  
  43  3:51  SCV  
  45  3:59  Supply Depot  
  45  4:02  SCV  
  46  4:03  SCV, Supply Depot  
  46  4:08  Marine x2  
  46  4:09  Siege Tank  
  52  4:13  Raven  
  54  4:20  SCV x2  
  56  4:31  Marine  
  56  4:32  SCV x2, Marine  
  56  4:33  Command Center  
  60  4:44  SCV  
  61  4:46  SCV  
  61  4:49  Barracks  
  61  4:51  Barracks  
  62  4:55  Siege Tank  
  62  4:57  SCV  
  62  4:58  Stimpack  
  66  5:00  Marine  
  66  5:05  SCV  
  68  5:09  Supply Depot, SCV  
  68  5:10  Starport Reactor, Supply Depot  
  69  5:15  Refinery  
  69  5:16  Refinery  
  69  5:17  SCV  
  69  5:21  Engineering Bay  
  70  5:31  Marauder, SCV  
  70  5:33  SCV  
  74  5:39  Barracks Tech Lab  
  74  5:43  Barracks, SCV  
  74  5:44  Barracks  
  74  5:45  Siege Tank, SCV  
  74  5:48  Marine x2  
  74  5:49  Medivac  
  83  5:54  Marauder  
  83  5:55  SCV  
  86  5:57  SCV  
  86  5:58  Combat Shield  
  87  6:07  SCV  
  87  6:09  SCV  
  87  6:10  Orbital Command  
  89  6:11  Marine x2  
  89  6:12  Marine  
  89  6:17  Terran Infantry Weapons Level 1  
  92  6:21  SCV x2, Engineering Bay  
  92  6:22  Armory  
  87  6:33  SCV  
  87  6:37  Marine x2  
  87  6:38  Marauder x2  
  94  6:42  Barracks Reactor, Barracks Tech Lab  
  94  6:48  SCV x2  
  94  6:49  SCV  
  97  6:55  Medivac  
  97  6:56  Marine x2  
  97  6:59  Refinery  
  97  7:01  Refinery  
  101  7:03  Supply Depot  
  101  7:04  Supply Depot x2  
  101  7:25  Marauder, SCV x3  
  106  7:37  SCV x3  
  106  7:39  Marine x3  
  106  7:40  Marine  
  106  7:41  Concussive Shells, Marauder x2  
  117  7:49  SCV  
  118  8:01  SCV x3  
  121  8:07  Marine x3  
  125  8:14  Supply Depot  
  125  8:16  Supply Depot x2  
  125  8:17  Supply Depot  
  125  8:18  Supply Depot  
Tags
 
Add a new tag
Caveats
  • Supply blocks, unpowered buildings, or Contaminate may cause inaccurate times.
  • Supply counts are checked every 10 seconds.